 Dungeon Crawl Stone Soup version 0.25-a0-424-g80bd347ae0 (webtiles) character file.

Game seed: 16380237147459757250, levelgen mode: deterministic

67 zorance the Ogre Mage (level 4, -4/39 HPs)
             Began as an Ogre Wizard on Jan 20, 2020.
             Slain by a gnoll
             ... wielding a +0 club
              (10 damage)
             ... on level 2 of the Dungeon.
             The game lasted 00:07:44 (2829 turns).

zorance the Ogre Mage (Ogre Wizard)                 Turns: 2829, Time: 00:07:44

Health: -4/39      AC:  3    Str: 11    XL:     4   Next: 16%
Magic:  8/10       EV: 10    Int: 20    God:
Gold:   43         SH:  0    Dex:  7    Spells: 5/11 levels left

rFire    . . .     SeeInvis .   t - +0 halberd
rCold    . . .     Gourm    .   (shield currently unavailable)
rNeg     . . .     Faith    .   a - +0 robe
rPois    .         Spirit   .   b - +0 hat
rElec    .         Reflect  .   (no cloak)
rCorr    .         Harm     .   (gloves unavailable)
MR       .....                  (boots unavailable)
Stlth    +.........             (no amulet)
HPRegen  0.13/turn              (no ring)
MPRegen  0.12/turn              (no ring)

@: no status effects
A: large, unfitting armour, tough skin 1
a: no special abilities


You were on level 2 of the Dungeon.
You were very hungry.

You visited 1 branch of the dungeon, and saw 2 of its levels.

You collected 43 gold pieces.

Inventory:

Hand Weapons
 e - a +0 club
 k - a +0 dagger
 m - a cursed +0 hunting sling
 t - a +0 halberd (weapon)
Missiles
 h - 48 stones (quivered)
Armour
 a - a +0 robe (worn)
 b - a +0 hat (worn)
 i - a cursed +0 robe
Jewellery
 o - an uncursed ring of ice {unknown}
Scrolls
 c - a scroll of enchant armour {unknown}
 g - 2 scrolls of remove curse {unknown}
 j - a scroll of teleportation {unknown}
 l - a scroll of fog {unknown}
 p - a scroll of amnesia {unknown}
 q - a scroll of fear {unknown}
 r - 2 scrolls of identify {unknown}
Potions
 f - a potion of brilliance {unknown}
 n - a potion of berserk rage {unknown}
 s - a potion of curing {unknown}
Comestibles
 d - 2 rations


   Skills:
 - Level 1.7 Dodging
 - Level 1.4 Stealth
 + Level 4.3 Spellcasting
 * Level 2.5 Conjurations
 + Level 1.5 Summonings
   Level 0.8 Translocations


You had 5 spell levels left.
You knew the following spells:

 Your Spells              Type           Power        Failure   Level  Hunger
a - Magic Dart            Conj           ##..         4%          1    None
b - Call Imp              Summ           ##......     10%         2    #......
c - Mephitic Cloud        Conj/Pois/Air  #.......     26%         3    ###....

Your spell library contained the following spells:

 Spells                   Type           Power        Failure   Level  Hunger
 Blink                    Tloc           N/A          13%         2    #......
 Slow                     Hex            #.......     19%         2    #......
 Conjure Flame            Conj/Fire      #.......     22%         3    ###....


Dungeon Overview and Level Annotations

Branches:
Dungeon (2/15)

Altars:


Innate Abilities, Weirdness & Mutations

You are too large for most types of armour.
You have tough skin. (AC +1)


Message History

* * * LOW HITPOINT WARNING * * *
Your crimson imp closely misses the gnoll.
Your crimson imp disappears in a puff of smoke!
Your magical contamination has completely faded away.
You see here a +0 dagger.
Your crimson imp blinks!
You are feeling very hungry.
Casting: Call Imp (safe; 10% risk of failure)
Confirm with . or Enter, or press ? or * to list all spells.
A beastly little devil appears in a puff of frigid air.
The gnoll hits you with a +0 club.
* * * LOW HITPOINT WARNING * * *
Your white imp barely misses the gnoll.
Attack whom?
Press: ? - help, Dir - move target cursor, f/p - gnoll
Aim: a gnoll, wielding a +0 club (lightly wounded)
You reach to attack!
You barely miss the gnoll.
The gnoll is lightly wounded.
The gnoll hits you with a +0 club!
You die...

##..##..#..........####.######.##
................##.####.# #)##
........#####.#.##......######.##
.....####.)...#..................
######.....#..#..#.###########.##
# ##.w###.#..#....†.....# #.... #
##..## ..#.###.#.......# #.... #
#..## ..##.# #.#.......# #.... #
#.## ...#..# #@#.......# #....
###w# ...# .## #g#.......# ##.##
#..#...# .. #5#.......# #.#
#....# #####.#.......# #.#
##.####... #...5.........# #.
.#......####.############
.....#####...# ###### ###.#.#
##### #.....###########


You could see a gnoll, a friendly crimson imp and a friendly white imp.

Vanquished Creatures
  A gnoll (D:2)
  An adder (D:2)
  A worm (D:2)
  A leopard gecko (D:2)
  2 bats
  A giant cockroach (D:2)
  6 goblins
  2 hobgoblins
  3 quokkas (D:2)
  3 frilled lizards
  6 kobolds
  4 rats (D:1)
31 creatures vanquished.

Vanquished Creatures (collateral kills)
  2 gnolls (D:2)
  2 worms (D:2)
  A leopard gecko (D:1)
  A hobgoblin (D:2)
  4 jackals (D:1)
10 creatures vanquished.

Grand Total: 41 creatures vanquished

Notes
Turn   | Place    | Note
-------+----------+-------------------------------------------
     0 | D:1      | zorance the Ogre Wizard began the quest for the Orb.
     0 | D:1      | Reached XP level 1. HP: 16/16 MP: 5/5
    30 | D:1      | Reached skill level 1 in Conjurations
   366 | D:1      | Reached XP level 2. HP: 24/24 MP: 2/6
   408 | D:1      | Learned a level 2 spell: Call Imp
   661 | D:1      | Reached skill level 1 in Summonings
   890 | D:1      | Reached skill level 4 in Spellcasting
  1358 | D:2      | Reached XP level 3. HP: 28/31 MP: 1/8
  2492 | D:2      | Learned a level 3 spell: Mephitic Cloud
  2536 | D:2      | Reached XP level 4. HP: 10/39 MP: 3/10
  2829 | D:2      | Slain by a gnoll

Levels and vault maps discovered:
D:1:      lemuel_arrival_room, layout_loops_ring
D:2:      minmay_evil_eye, layout_basic

Skill      XL: |  1  2  3 |
---------------+----------+-----
Conjurations   | 1 2 |  2.5
Summonings     | 1 |  1.5
Spellcasting   | 4 |  4.3
Dodging        | |  1.7
Stealth        | |  1.4
Translocations | |  0.8

Action                   |  1- 3 |  4- 6 || total
-------------------------+-------+-------++-------
Melee: Club              |    13 |       ||    13
       Dagger            |     5 |       ||     5
       Halberd           |       |     5 ||     5
Throw: Stone             |     1 |       ||     1
 Cast: Magic Dart        |    82 |       ||    82
       Call Imp          |    13 |     3 ||    16
  Eat: Chunk             |     5 |       ||     5
Armor: Robe              |    12 |     1 ||    13
Dodge: Dodged            |    42 |     1 ||    43

Table legend:
 A = Non-vault XP
 B = Vault XP
 C = Vault XP percentage of total XP
 D = Non-vault monster count
 E = Vault monster count
 F = Vault count percentage of total count
                 A         B        C        D         E       F
            +---------+---------+-------+---------+---------+-------
      Total |      81 |      15 |  15.6 |      33 |       8 |  19.5
            +---------+---------+-------+---------+---------+-------
        D:1 |      24 |       0 |   0.0 |      19 |       0 |   0.0
        D:2 |      57 |      15 |  20.8 |      14 |       8 |  36.4
            +---------+---------+-------+---------+---------+-------
